 Dungeon Crawl Stone Soup version 0.19.0-2-gae57169 (webtiles) character file.

496 Pepeogr the Poker (level 6, -7/53 HPs)
             Began as a Draconian Monk on Nov 7, 2016.
             Mangled by an ice beast (14 damage)
             ... on level 5 of the Dungeon.
             The game lasted 00:20:36 (5199 turns).

Pepeogr the Poker (Draconian Monk)                  Turns: 5199, Time: 00:20:37

Health: -7/53      AC: 10    Str: 13      XL:     6   Next: 93%
Magic:  6/6        EV: 14    Int:  8 (11) God:
Gold:   248        SH:  0    Dex: 12 (15) Spells: 0 memorised, 5 levels left

rFire  . . .     SeeInvis .     a - +0 spear
rCold  . . .     Gourm    .     (armour unavailable)
rNeg   . . .     Faith    .     (no shield)
rPois  .         Spirit   .     (helmet restricted)
rElec  .         Reflect  .     e - +2 cloak
rCorr  .         Harm     .     j - +0 pair of gloves
MR     .....                    (no boots)
Stlth  +++.......               (no amulet)
                                g - ring of stealth
                                h - ring of flight

@: no status effects
A: unfitting armour, cold-blooded, AC +6
a: Evoke Flight


You were on level 5 of the Dungeon.
You were not hungry.

You visited 1 branch of the dungeon, and saw 6 of its levels.

You collected 248 gold pieces.

Inventory:

Hand Weapons
 a - a +0 spear (weapon)
Armour
 e - a +2 cloak (worn)
 j - a +0 pair of gloves (worn)
Magical Staves
 d - an uncursed staff of air
Jewellery
 g - a ring of stealth (right hand)
 h - a ring of flight (left hand)
 i - an uncursed amulet of inaccuracy
Scrolls
 f - 2 scrolls of recharging
Books
 b - a book of Battle

   Spells                             Type                      Level
   a - Infusion                       Charms                       1
   b - Shroud of Golubria             Charms/Translocation         2
   c - Song of Slaying                Charms                       2
   d - Spectral Weapon                Hexes/Charms                 3
   e - Regeneration                   Charms/Necromancy            3
Comestibles
 l - 5 fruits


   Skills:
 + Level 4.3 Fighting
 * Level 6.5 Polearms
 + Level 4.2 Dodging
 - Level 1.7 Stealth


You had 5 spell levels left.
You didn't know any spells.

Dungeon Overview and Level Annotations

Branches:
Dungeon (6/15)
 Temple: D:4-7

Altars:

Annotations:
D:5 Dowan, Duvessa


Innate Abilities, Weirdness & Mutations

Your plain brown scales are hard. (AC +6)
You cannot fit into any form of body armour.
You are cold-blooded and may be slowed by cold attacks.


Message History

* * * LOW HITPOINT WARNING * * *
You hit the ice beast but do no damage.
The ice beast is heavily wounded.
The ice beast barely misses you.
The ice beast hits you but does no damage.
There is an open door here.
You see here 24 stones.
There is a stone staircase leading down here.
The ice beast hits you but does no damage.
You climb downwards. 2 orcs come into view.
There is a stone staircase leading up here.
The ice beast closely misses you.
You climb upwards.
Level annotation: Dowan, Duvessa
There is a stone staircase leading down here.
The ice beast hits you.
* * * LOW HITPOINT WARNING * * *
The ice beast freezes you!
You die...

##.## #.###........# #.#
#.##........## ..# #.#
#....).......# #.# ##'##
####.#.#.##..# #.# ##...##
#.#.#.##..# #.# ##.....##
#.#.#.##..# #.## # ##.......##
#...#.##..# #.#.
####.........####Y........####...
...'.........+..@>...............
####.........####...#.#########..
# ##.......## ##.##.# ##.
##.....## ####.# #. ##...## #.#
#. ##+## #.# .. #.# #. #.# #.


You could see an ice beast.

Vanquished Creatures
  2 scorpions (D:4)
  A crimson imp (D:5)
  A centaur skeleton (D:4)
  An iguana (D:4)
  Terence (D:2)
  2 orc wizards
  3 worker ants
  A hound skeleton (D:5)
  2 gnolls
  3 adders
  A shadow imp (D:5)
  An ooze (D:1)
  3 worms
  4 dart slugs
  2 leopard geckos (D:1)
  7 orcs
  2 ball pythons (D:2)
  4 giant cockroaches
  2 goblins (D:1)
  3 hobgoblins
  9 jackals (D:4)
  3 kobolds
  A quokka (D:4)
  A ball python skeleton (D:3)
  4 bats
  5 frilled lizards
  8 rats
77 creatures vanquished.

Notes
Turn   | Place    | Note
-------+----------+-------------------------------------------
     0 | D:1      | Pepeogr the Draconian Monk began the quest for the Orb.
     0 | D:1      | Reached XP level 1. HP: 19/19 MP: 1/1
   300 | D:1      | Reached XP level 2. HP: 19/26 MP: 2/2
   531 | D:1      | Reached XP level 3. HP: 24/31 MP: 3/3
  1881 | D:2      | Noticed Terence
  1922 | D:2      | Killed Terence
  1922 | D:2      | Reached skill level 4 in Polearms
  1922 | D:2      | Reached XP level 4. HP: 39/40 MP: 4/4
  2545 | D:3      | Reached XP level 5. HP: 30/46 MP: 5/5
  2565 | D:3      | HP: 1/46 [gnoll/halberd (11)]
  2579 | D:3      | Noticed an ogre
  2956 | D:4      | Reached skill level 5 in Polearms
  3670 | D:4      | Reached XP level 6. HP: 51/52 MP: 6/6
  4140 | D:4      | Reached skill level 6 in Polearms
  4356 | D:5      | Entered Level 5 of the Dungeon
  4381 | D:5      | Noticed Duvessa
  4382 | D:5      | Noticed Dowan
  4686 | D:5      | Noticed an ice beast
  5088 | D:5      | Noticed a sky beast
  5199 | D:5      | Mangled by an ice beast

Skill      XL: |  1  2  3  4  5  6 |
---------------+-------------------+-----
Dodging        | 3 4 |  4.2
Polearms       | 4 5 6 |  6.5
Fighting       | 4 |  4.3
Stealth        | |  1.7

Action                   |  1- 3 |  4- 6 || total
-------------------------+-------+-------++-------
Melee: Spear             |   162 |   385 ||   547
       Tailslap          |    22 |    54 ||    76
  Use: Scroll            |     5 |     8 ||    13
       Potion            |     3 |     7 ||    10
 Stab: Sleeping          |     5 |     4 ||     9
  Eat: Bread ration      |     1 |     2 ||     3
       Royal jelly       |       |     1 ||     1
Armor: Skin              |    27 |   123 ||   150
Dodge: Dodged            |   106 |   254 ||   360
